 Dungeon Crawl Stone Soup version 0.22-a0-148-gf2798f9f4d (webtiles) character file.

418 MrRokkomies the Stinger (level 6, -4/36 HPs)
             Began as an Octopode Venom Mage on Feb 7, 2018.
             Was a Believer of Vehumet.
             Slain by a river rat (9 damage)
             ... in a sewer.
             The game lasted 00:09:49 (4419 turns).

MrRokkomies the Stinger (Octopode Venom Mage)       Turns: 4419, Time: 00:09:52

Health: -4/36      AC:  2    Str: 13    XL:     6   Next: 93%
Magic:  5/9        EV: 15    Int: 19    God:    Vehumet [**....]
Gold:   218        SH:  0    Dex: 12    Spells: 2/9 levels left

rFire    . . .     SeeInvis .   c - +2 dagger (venom)
rCold    . . .     Gourm    .   (no shield)
rNeg     . . .     Faith    .   (helmet restricted)
rPois    .         Spirit   .   (no amulet)
rElec    .         Reflect  .   m - +1 ring of protection
rCorr    .         Harm     .   p - +2 ring of evasion
MR       .....                  (no ring)
Stlth    ++++......             (no ring)
HPRegen  0.12/turn              (no ring)
MPRegen  0.11/turn              (no ring)
                                (no ring)
                                (no ring)

@: mighty, confusing touch
A: almost no armour, stealthy swim, amphibious, 8 rings, constrict 8, camouflage
1, gelatinous body 1
a: Renounce Religion


You were in a sewer.
You worshipped Vehumet.
Vehumet was pleased with you.
You were hungry.

You visited 1 branch of the dungeon, and saw 5 of its levels.
You also visited: Sewer.

You collected 218 gold pieces.

Inventory:

Hand Weapons
 c - a +2 dagger of venom (weapon)
Missiles
 n - 2 tomahawks (quivered)
Jewellery
 m - a +1 ring of protection (left tentacle)
 p - a +2 ring of evasion (right tentacle)
Scrolls
 d - 3 scrolls of identify {unknown}
 e - a scroll of noise {unknown}
 i - a scroll of magic mapping
 o - 5 scrolls of teleportation
Potions
 f - a potion of berserk rage {unknown}
 g - a potion of lignification {unknown}
 h - a potion of degeneration {unknown}
 j - a potion of heal wounds {unknown}
 l - 2 potions of might
Books
 a - a Young Poisoner's Handbook

   Spells                             Type                      Level
   a - Sting                          Conjuration/Poison           1
   b - Poisonous Vapours              Poison/Air                   2
   c - Mephitic Cloud                 Conjuration/Poison/Air       3
   d - Olgreb's Toxic Radiance        Poison                       4
   e - Venom Bolt                     Conjuration/Poison           5
 k - a book of Cantrips

   Spells                             Type                      Level
   a - Confusing Touch                Hexes                        1
   b - Animate Skeleton               Necromancy                   1
   c - Summon Small Mammal            Summoning                    1
   d - Apportation                    Translocation                1
Comestibles
 b - 5 rations


   Skills:
 - Level 2.0 Dodging
 - Level 2.6 Stealth
 - Level 2.0 Spellcasting
 * Level 4.9 Conjurations
 * Level 6.9 Poison Magic


You had 2 spell levels left.
You knew the following spells:

 Your Spells              Type           Power        Failure   Level  Hunger
a - Sting                 Conj/Pois      ###.         1%          1    #......
b - Poisonous Vapours     Pois/Air       ###...       6%          2    ###....
c - Mephitic Cloud        Conj/Pois/Air  ###.....     10%         3    ###....
d - Confusing Touch       Hex            #.....       17%         1    #......


Dungeon Overview and Level Annotations

Branches:
Dungeon (5/15)             Temple (0/1) D:4

Altars:
Dithmenos
Elyvilon
Gozag
Hepliaklqana
Nemelex Xobeh
Vehumet
Xom
Yredelemnul
The Shining One


Innate Abilities, Weirdness & Mutations

You cannot wear most types of armour.
You are very stealthy in the water. (Stealth+)
You are amphibious.
You can wear up to eight rings at the same time.
You can use your tentacles to constrict eight enemies at once.
Your skin changes colour to match your surroundings (Stealth+).
Your rubbery body absorbs attacks. (AC +1, EV +1)


Message History

The river rat barely misses you. The river rat bites you.
You hit the river rat but do no damage.
The river rat looks as sick as possible!
You grab the river rat.
The river rat is heavily wounded.
You constrict the river rat.
You constrict the river rat, but do no damage.
The river rat bites you. The river rat closely misses you.
You hit the river rat but do no damage.
The river rat is poisoned.
You constrict the river rat, but do no damage.
You constrict the river rat. The river rat bites you!
* * * LOW HITPOINT WARNING * * *
The river rat misses you.
It was a potion of might.
You feel very mighty all of a sudden.
You constrict the river rat. x2
You kill the river rat!
Vehumet accepts your kill.
You feel your power returning. The river rat bites you!
You die...

#≈≈..≈# ##≈≈≈## #≈≈.# #≈≈.#
##.≈≈# # ##≈.≈.# #######
#####..≈≈.# #####≈≈≈≈.#
≈≈≈≈≈..≈.########r....#
≈≈≈≈≈≈≈####.≈≈.≈@†###≈≈≈≈.#
≈.≈..≈## #≈.≈.≈≈≈≈# #######
..≈≈≈≈####.≈.≈..≈≈###≈≈≈≈.#
..≈.≈≈≈##.≈..####.≈≈..#####
≈.≈..≈≈≈.≈..## #####≈≈≈≈†#
.≈..≈.≈.≈≈≈## #######
.......≈.≈≈# .\.\.≈≈≈≈≈.#
........≈≈≈#


You could see a river rat.

Vanquished Creatures
  An ogre (D:4)
  A big kobold (Sewer)
  2 orc priests (D:3)
  5 adders
  A river rat (Sewer)
  5 oozes
  6 worms
  2 dart slugs (D:1)
  3 leopard geckos
  5 orcs (D:3)
  14 bats
  6 giant cockroaches
  14 goblins
  5 hobgoblins
  8 jackals (D:1)
  6 kobolds
  A quokka (D:3)
  5 ball pythons
  5 frilled lizards
  16 rats
111 creatures vanquished.

Notes
Turn   | Place    | Note
-------+----------+-------------------------------------------
     0 | D:1      | MrRokkomies the Octopode Venom Mage began the quest for the Orb.
     0 | D:1      | Reached XP level 1. HP: 11/11 MP: 3/3
   320 | D:1      | Reached XP level 2. HP: 17/17 MP: 0/5
   321 | D:1      | Reached skill level 4 in Poison Magic
   339 | D:1      | Learned a level 2 spell: Poisonous Vapours
   498 | D:1      | Reached XP level 3. HP: 14/21 MP: 6/6
  1230 | D:2      | Learned a level 3 spell: Mephitic Cloud
  1233 | D:2      | Found a shimmering altar of Xom.
  1233 | D:2      | Found a basalt altar of Yredelemnul.
  1233 | D:2      | Found a hazy altar of Hepliaklqana.
  1234 | D:2      | Found an opulent altar of Gozag.
  1234 | D:2      | Found a radiant altar of Vehumet.
  1234 | D:2      | Found a white marble altar of Elyvilon.
  1246 | D:2      | Became a worshipper of Vehumet
  1524 | D:2      | Reached XP level 4. HP: 26/27 MP: 4/7
  1585 | D:2      | Found a sparkling altar of Nemelex Xobeh.
  1864 | D:2      | Reached skill level 5 in Poison Magic
  2126 | D:2      | Learned a level 1 spell: Confusing Touch
  2813 | D:3      | Reached XP level 5. HP: 31/31 MP: 6/8
  2818 | D:3      | Reached * piety under Vehumet
  2818 | D:3      | Offered knowledge of Freeze by Vehumet.
  2861 | D:3      | Found a shadowy altar of Dithmenos.
  3664 | D:3      | Found a glowing golden altar of the Shining One.
  3764 | D:4      | Noticed an ogre
  3789 | D:4      | Killed an ogre
  3789 | D:4      | Reached skill level 6 in Poison Magic
  3789 | D:4      | Reached XP level 6. HP: 36/36 MP: 1/9
  3865 | D:4      | Found a staircase to the Ecumenical Temple.
  3921 | D:5      | Entered Level 5 of the Dungeon
  3930 | D:5      | Found a glowing drain.
  3954 | Sewer    | Entered a sewer
  4348 | Sewer    | Offered knowledge of Sandblast by Vehumet.
  4388 | Sewer    | Reached ** piety under Vehumet
  4419 | Sewer    | Slain by a river rat

Vault maps used:
D:1:      dpeg_arrival_brainrot, minmay_misc_feat_secret_circle
D:2:      grunt_temple_overflow_open, nemelex_xobeh_ov_fountains_minmay,
          first_ration
D:3:      lemuel_crystal_altar, lemuel_crystal_altar
D:4:      gammafunk_temple_overflow_wave, temple_green, kennysheep_pointless_box
D:5:      okawaru_trees_1, portal_sewer_entry_a, uniq_pikel
Sewer:    sewer_co_tree

Skill      XL: |  1  2  3  4  5 |
---------------+----------------+-----
Poison Magic   | 4 5 6 |  6.9
Conjurations   | 2 3 4 |  4.9
Dodging        | |  2.0
Stealth        | |  2.6
Spellcasting   | |  2.0

Action                   |  1- 3 |  4- 6 || total
-------------------------+-------+-------++-------
Melee: Unarmed           |     8 |       ||     8
       Constrict         |    16 |    30 ||    46
       Whip              |    17 |       ||    17
       Tentacles         |     6 |    15 ||    21
       Dagger            |    33 |   142 ||   175
 Cast: Sting             |    23 |     4 ||    27
       Poisonous Vapours |     3 |    17 ||    20
       Mephitic Cloud    |       |     1 ||     1
       Confusing Touch   |       |     1 ||     1
  Use: Scroll            |     4 |     1 ||     5
       Potion            |       |     1 ||     1
 Stab: Sleeping          |     6 |    25 ||    31
  Eat: Chunk             |     2 |     7 ||     9
       Ration            |       |     1 ||     1
Armor: Skin              |     6 |    14 ||    20
Dodge: Dodged            |    29 |    81 ||   110

Table legend:
 A = Spawn XP
 B = Non-spawn XP
 C = Spawn XP percentage of total XP
 D = Spawn monster count
 E = Non-spawn monster count
 F = Spawn count percentage of total count
 G = Total turns spent on level
                    A         B        C        D         E        F      G
               +---------+---------+-------+---------+---------+-------+---------
         Total |       0 |     598 |   0.0 |       0 |     111 |   0.0 |  4419
               +---------+---------+-------+---------+---------+-------+---------
           D:1 |       0 |      65 |   0.0 |       0 |      34 |   0.0 |  1215
           D:2 |       0 |      63 |   0.0 |       0 |      20 |   0.0 |   958
           D:3 |       0 |     161 |   0.0 |       0 |      34 |   0.0 |  1589
           D:4 |       0 |     116 |   0.0 |       0 |       1 |   0.0 |   159
           D:5 |       0 |      20 |   0.0 |       0 |       6 |   0.0 |    33
         Sewer |       0 |     173 |   0.0 |       0 |      16 |   0.0 |   465
               +---------+---------+-------+---------+---------+-------+---------
